 Dungeon Crawl Stone Soup version 0.29-a0-911-g88e6f02907 (webtiles) character file.

Game seed: 11117751869799319573

4025 omnesmortales the Cleaver (level 10, -25/88 HPs)
             Began as a Hill Orc Fighter on July 25, 2022.
             Was a Follower of Beogh.
             Killed by an exploding scorpion (37 damage)
             ... ignited by their inner flame
             ... on level 9 of the Dungeon on July 26, 2022.
             The game lasted 01:12:41 (10123 turns).

omnesmortales the Cleaver (Hill Orc Fighter)       Turns: 10123, Time: 01:12:44

Health: -25/88     AC: 22    Str: 24    XL:     10   Next: 24%
Magic:  12/12      EV:  7    Int:  8    God:    Beogh [*.....]
Gold:   270        SH: 12    Dex: 10    Spells: 9/9 levels left

rFire   . . .      SeeInvis .   a - +3 war axe (freeze)
rCold   . . .      Faith    .   c - +2 buckler
rNeg    . . .      Spirit   .   M - +3 plate armour
rPois   .          Reflect  +   T - +0 helmet
rElec   .          Harm     .   (no cloak)
rCorr   .          Rampage  .   y - +0 pair of gloves
Will    .....                   H - +2 pair of boots
Stlth   ..........              L - amulet of reflection
HPRegen 0.24/turn               q - +4 ring of slaying
MPRegen 0.13/turn               F - ring of flight

@: flying
A: no striking features
a: Renounce Religion


You were on level 9 of the Dungeon.
You worshipped Beogh.
Beogh was aware of your devotion.
You visited 1 branch of the dungeon, and saw 9 of its levels.
You also visited: Ossuary.

You collected 598 gold pieces.
You spent 328 gold pieces at shops.

Inventory:

Hand Weapons
 a - a +3 war axe of freezing (weapon)
 f - a +2 whip of electrocution
 h - a +3 hand axe
 v - a +0 mace of holy wrath
 P - a +4 hand axe
 R - a +0 shortbow
Missiles
 b - a boomerang of dispersal
 r - 15 boomerangs
 s - 5 datura-tipped darts
 u - 23 poisoned darts (quivered)
Armour
 c - a +2 buckler (worn)
 y - a +0 pair of gloves (worn)
 H - a +2 pair of boots (worn)
 M - a +3 plate armour (worn)
 T - a +0 helmet (worn)
Jewellery
 e - an amulet of guardian spirit
 q - a +4 ring of slaying (left hand)
 F - a ring of flight (right hand)
 L - an amulet of reflection (around neck)
Wands
 t - a wand of paralysis (4)
 S - a wand of flame (15)
Scrolls
 g - 4 scrolls of immolation
 k - 3 scrolls of vulnerability
 l - 2 scrolls of fog
 x - 2 scrolls of blinking
 E - a scroll of fear {unknown}
 G - a scroll of summoning {unknown}
 I - 2 scrolls of teleportation
 J - 2 scrolls of amnesia {unknown}
 Q - a scroll of silence {unknown}
Potions
 d - 2 potions of might
 i - 4 potions of curing
 j - 2 potions of invisibility
 m - 2 potions of magic
 n - a potion of haste {unknown}
 o - 2 potions of brilliance
 p - 2 potions of berserk rage
 w - a potion of degeneration {unknown}
 z - 2 potions of ambrosia
 B - a potion of flight {unknown}
 C - 2 potions of heal wounds {unknown}
 D - a potion of mutation
 K - a potion of cancellation {unknown}
 N - 2 potions of attraction


   Skills:
 + Level 8.2 Fighting
 + Level 11.8 Axes
 + Level 7.7 Armour
 - Level 0.4 Dodging
 - Level 0.5 Stealth
 + Level 6.6 Shields
 - Level 0.6 Unarmed Combat
 - Level 3.5 Fire Magic
 + Level 3.6 Invocations


You had 9 spell levels left.
You didn't know any spells.
Your spell library contained the following spells:

 Spells                   Type           Power      Damage    Failure   Level
 Foxfire                  Conj/Fire      8%         2x1d4     98%         1
 Freeze                   Ice            0%         1d3       100%        1
 Sting                    Tmut/Pois      0%         1d3       100%        1
 Poisonous Vapours        Pois/Air       0%         N/A       100%        2
 Searing Ray              Conj           0%         2d4       100%        2
 Frozen Ramparts          Ice            0%         1d2       100%        3
 Ozocubu's Armour         Ice            0%         N/A       100%        3
 Hailstorm                Conj/Ice       0%         3d3       100%        4
 Leda's Liquefaction      Hex/Erth       0%         N/A       100%        4
 Olgreb's Toxic Radiance  Pois           0%         N/A       100%        4
 Summon Ice Beast         Ice/Summ       0%         N/A       100%        4
 Lee's Rapid Deconstruct  Erth           0%         3d5*      100%        5
 Statue Form              Tmut/Erth      0%         N/A       100%        6


Dungeon Overview and Level Annotations

Branches:
Dungeon (9/15)             Temple (0/1) D:6         Ossuary (visited)
   Lair: D:8-11         Orc: D:9-12

Altars:
Ashenzari
Cheibriados
Fedhas
Makhleb
Okawaru
Uskayaw
Vehumet
Wu Jian

Shops:
D:5 [*?[

Annotations:
D:9 1 runed translucent door


Message History

The giant cockroach bites you but does no damage.
You block the scorpion's attack.
The scorpion stings you but does no damage.
The scorpion barely misses you.
There is an open translucent door here.
You see here a scorpion corpse.
You barely miss the giant cockroach. You hit the scorpion.
Flame seeps out of the scorpion.
You freeze the scorpion.
Flame seeps out of the scorpion.
You closely miss the scorpion. You slash the butterfly!
You freeze the butterfly. You barely miss the scorpion.
The butterfly explodes!
The fiery explosion engulfs the butterfly!! x2
The fiery explosion engulfs the giant cockroach!!
Beogh accepts your kill. The fiery explosion engulfs you!
The giant cockroach explodes!
The fiery explosion engulfs the butterfly!
The fiery explosion engulfs you!!
The fiery explosion engulfs the scorpion!!
Beogh accepts your kill.
The scorpion explodes!
The fiery explosion engulfs you but does no damage.
The butterfly explodes! x3
You are engulfed in blazing flames.
* * * LOW HITPOINT WARNING * * *
The scorpion is engulfed in blazing flames.
Flame seeps out of the scorpion.
The scorpion stings you but does no damage.
You block the scorpion's attack.
The butterfly is engulfed in blazing flames.
The butterfly explodes!
You feel better.
You are engulfed in blazing flames.
* * * LOW HITPOINT WARNING * * *
The scorpion stings you but does no damage.
The scorpion is engulfed in blazing flames.
Beogh accepts your kill.
The scorpion explodes!
The fiery explosion engulfs you!!!
You die...

####### .....# ##
.....# .#####
#######§§..# .....#.
.#..§§§#○§..# .....#..
.+..b§§@.§..#
.....#....#.§§§§#s...#
.....#....#######....#
.....#...............#
##...#...............#
##..########'########
# ##...^.###......##
##
##...###..).....######
.## ##..#
#..............


You could see a scorpion (inner flame).

Vanquished Creatures
  Prince Ribbit (D:6)
  Sigmund (D:3)
  6 yaks (D:9)
  A wyvern (D:7)
  A water moccasin (D:5)
  A sky beast (D:7)
  A black bear (D:8)
  2 orc warriors
  An ice beast (D:5)
  An ogre (D:7)
  2 centaurs
  A phantom (D:5)
  4 elf zombies (Ossuary)
  6 scorpions
  A bullfrog (D:8)
  A necrophage (D:6)
  A killer bee (D:9)
  A howler monkey (D:9)
  A human zombie (Ossuary)
  A centaur zombie (Ossuary)
  3 orc priests
  4 hounds
  A gnoll bouda (D:6)
  A jelly (D:4)
  Ijyb (D:3)
  Natasha (twice) (D:2)
  Terence (D:3)
  5 iguanas
  6 orc wizards
  2 hound zombies (Ossuary)
  3 mummies (Ossuary)
  4 adders
  7 gnolls
  2 white imps
  An ufetubus (D:4)
  2 adder zombies (Ossuary)
  2 worms
  A dart slug (D:5)
  27 orcs
  3 bats (D:1)
  11 endoplasms
  10 giant cockroaches
  4 goblins
  5 hobgoblins
  6 jackals
  3 kobolds (D:1)
  3 quokkas
  5 ball pythons
  4 frilled lizards
  3 goblin zombies (Ossuary)
  4 hobgoblin zombies (Ossuary)
  3 jackal zombies (Ossuary)
  4 kobold zombies (Ossuary)
  2 orc zombies (Ossuary)
  4 quokka zombies
  21 rats
  5 rat zombies
  5 butterflies (D:9)
215 creatures vanquished.

Vanquished Creatures (others)
  A jelly (D:6)
  A fungus (D:1)
  A plant (D:1)
3 creatures vanquished.

Grand Total: 218 creatures vanquished

Notes
Turn   | Place    | Note
-------+----------+-------------------------------------------
     0 | D:1      | omnesmortales the Hill Orc Fighter began the quest for the
                  | Orb.
     0 | D:1      | Reached XP level 1. HP: 19/19 MP: 1/1
   321 | D:1      | Reached XP level 2. HP: 27/27 MP: 2/2
   393 | D:1      | Reached skill level 3 in Axes
   756 | D:1      | Reached XP level 3. HP: 27/33 MP: 1/3
   921 | D:1      | Found a faded altar of an unknown god.
  1165 | D:2      | Noticed Natasha
  1170 | D:2      | Killed Natasha
  1171 | D:2      | Reached skill level 4 in Axes
  1641 | D:2      | Reached XP level 4. HP: 40/40 MP: 4/4
  1846 | D:2      | Noticed Natasha
  1857 | D:2      | Killed Natasha
  2324 | D:3      | Noticed Ijyb
  2333 | D:3      | Paralysed by Ijyb for 2 turns
  2336 | D:3      | Killed Ijyb
  2337 | D:3      | Reached XP level 5. HP: 47/47 MP: 5/5
  2453 | D:3      | Reached skill level 5 in Axes
  2561 | D:3      | Found a blossoming altar of Fedhas.
  2728 | D:3      | Noticed Terence
  2733 | D:3      | Noticed Sigmund
  2738 | D:3      | Killed Terence
  2744 | D:3      | Killed Sigmund
  2745 | D:3      | Reached skill level 6 in Axes
  2745 | D:3      | Reached XP level 6. HP: 51/55 MP: 6/6
  3628 | D:4      | Found a sand-covered staircase.
  3637 | D:4      | Reached skill level 5 in Fighting
  3660 | Ossuary  | Entered an ossuary
  3702 | Ossuary  | Reached skill level 7 in Axes
  3702 | Ossuary  | Reached XP level 7. HP: 53/61 MP: 5/7
  3987 | Ossuary  | Reached skill level 8 in Axes
  4181 | Ossuary  | Reached skill level 9 in Axes
  4367 | D:4      | Reached XP level 8. HP: 46/69 MP: 5/8
  4911 | D:5      | Entered Level 5 of the Dungeon
  4969 | D:5      | Reached skill level 5 in Armour
  5289 | D:5      | Found Iqotewn's Assorted Antiques.
  5290 | D:5      | Found Ekkevuirch's Magic Scroll Emporium.
  5292 | D:5      | Found Rumel's Armour Emporium.
  5293 | D:5      | Found Ostess's Armour Emporium.
  5324 | D:5      | Bought a +2 pair of boots for 214 gold pieces
  5344 | D:5      | Reached skill level 10 in Axes
  5576 | D:5      | Got the Spellbook of Harmful Cold
  6112 | D:5      | Reached skill level 1 in Fire Magic
  6249 | D:6      | Became a worshipper of Beogh the Brigand
  6358 | D:6      | Found a hide-covered altar of Uskayaw.
  6359 | D:6      | Found an iron altar of Okawaru.
  6361 | D:6      | Found a snail-covered altar of Cheibriados.
  6364 | D:6      | Found a radiant altar of Vehumet.
  6546 | D:6      | Reached XP level 9. HP: 77/78 MP: 9/9
  6611 | D:6      | Found a staircase to the Ecumenical Temple.
  6658 | D:6      | Noticed Prince Ribbit
  6671 | D:6      | Killed Prince Ribbit
  6672 | D:6      | Reached skill level 5 in Shields
  7300 | D:7      | Reached * piety under Beogh
  7509 | D:7      | Reached skill level 11 in Axes
  8673 | D:5      | Bought a scroll of brand weapon for 114 gold pieces
  8856 | D:8      | Found a burning altar of Makhleb.
  9124 | D:8      | Found a broken altar of Ashenzari.
  9165 | D:8      | Found an ornate altar of the Wu Jian Council.
  9589 | D:9      | Reached skill level 1 in Invocations
  9596 | D:9      | Reached XP level 10. HP: 73/88 MP: 9/12
 10110 | D:9      | Found a runed translucent door.
 10112 | D:9      | Found a runed translucent door.
 10123 | D:9      | Killed by an exploding scorpion... ignited by their inner
                  | flame

Illustrated notes

Levels and vault maps discovered:
D:1:      mainiacjoe_arrival_reflecting_pool, layout_loops_ring,
          shapermc_ecumenical_altar_mp_ritualfount
D:2:      layout_loops_corners, serial_park_tiny_pond, uniq_natasha
D:3:      layout_basic, old_standard_altar, minmay_rat_hole, uniq_terence,
          uniq_sigmund, uniq_ijyb
D:4:      layout_rooms, enter_ossuary_4
D:5:      layout_loops_ring, minmay_misc_feat_rugged, minmay_shop_grid_forest
D:6:      layout_gridville, minitemple, minmay_temple_entry_slanted,
          uniq_prince_ribbit1
D:7:      layout_cave_pods
D:8:      layout_loops_ring, ashenzari_conservatory_becter, old_standard_altar,
          mainiacjoe_overflow_surrounded_room
D:9:      lemuel_insect_pit, layout_cave_pods, serial_column_ruins,
          column_ruins_open_small, column_ruins_open_small, column_ruins_grid_3,
          column_ruins_open_small, column_ruins_grid_1, column_ruins_open_tiny,
          column_ruins_open_medium

Skill      XL: |  1  2  3  4  5  6  7  8  9 10 |
---------------+-------------------------------+-----
Axes           | 3 4 6 7 9 10 11 | 11.8
Fighting       | 4 5 6 7 8 |  8.2
Armour         | 4 6 7 |  7.7
Shields        | 4 6 |  6.6
Fire Magic     | 1 3 |  3.5
Invocations    | 2 3 |  3.6
Dodging        | |  0.4
Stealth        | |  0.5
Unarmed Combat | |  0.6

Action                   |  1- 3 |  4- 6 |  7- 9 | 10-12 || total
-------------------------+-------+-------+-------+-------++-------
Melee: War axe           |    80 |   128 |   328 |    17 ||   553
       Unarmed           |       |     3 |       |       ||     3
Throw: Dart              |       |       |     5 |       ||     5
       Boomerang         |       |       |     1 |       ||     1
Invok: Convert to Beogh  |       |       |     1 |       ||     1
Evoke: Wand              |       |       |     1 |       ||     1
  Use: Scroll            |       |       |    20 |     4 ||    24
       Potion            |       |       |     3 |     1 ||     4
 Stab: Paralysed         |       |       |     2 |       ||     2
Armor: Scale mail        |    11 |       |       |       ||    11
       Chain mail        |    47 |    47 |   103 |       ||   197
       Skin              |       |     3 |       |       ||     3
       Plate armour      |       |       |    29 |    14 ||    43
Dodge: Dodged            |    26 |    23 |    76 |     2 ||   127
Block: Buckler           |    20 |    26 |    91 |    10 ||   147
       Reflection        |       |       |     4 |     3 ||     7

Table legend: (Time is in decaauts)
 A = Elapsed time spent in this place.
 B = Non-inter-level travel time spent in this place.
 C = Inter-level travel time spent in this place.
 D = Time resting spent in this place.
 E = Time spent auto-exploring this place.
 F = Levels seen in this place.
 G = Mean time per level.
                   A        B        C        D        E       F      G
               +--------+--------+--------+--------+--------+-----+--------+
         Total |  10215 |   9963 |    252 |   1765 |   3630 |  10 | 1021.5 |
       Dungeon |   9539 |   9287 |    252 |   1482 |   3617 |   9 | 1059.9 |
       Ossuary |    675 |    675 |      0 |    283 |     13 |   1 |  675.0 |
               +--------+--------+--------+--------+--------+-----+--------+

Top non-repeatable levels by time:
     D:7: 1537 daAuts
     D:5: 1521 daAuts
     D:3: 1291 daAuts
     D:1: 1181 daAuts
     D:2: 1161 daAuts
     D:6: 804 daAuts
     D:8: 698 daAuts
     D:4: 691 daAuts
 Ossuary: 675 daAuts
     D:9: 652 daAuts
